 Dungeon Sprint DCSS version 0.19.1 (webtiles) character file.

1795 equalderp2856 the Ripper (level 8, -3/40 HPs)
             Began as a Felid Fighter on Dec 18, 2016.
             Was a Believer of Elyvilon.
             Killed by divine providence
             ... invoked by an orc priest
             ... led by Saint Roka
              (8 damage)
             ... in the Dungeon (Sprint IX: "|||||||||||||||||||||||||||||").
             The game lasted 00:09:41 (3924 turns).

equalderp2856 the Ripper (Felid Fighter)            Turns: 3924, Time: 00:09:42

Health: -3/40      AC:  4    Str: 16    XL:     8   Next: 83%
Magic:  12/12      EV: 30    Int: 11    God:    Elyvilon [**....]
Gold:   19         SH:  0    Dex: 17    Spells: 0 memorised, 7 levels left
                                        Lives:  0   Deaths: 2

rFire  . . .     SeeInvis +       - Unarmed
rCold  . . .     Gourm    .     (armour unavailable)
rNeg   . . .     Faith    .     (shield unavailable)
rPois  .         Spirit   .     (helmet unavailable)
rElec  .         Reflect  .     (cloak unavailable)
rCorr  .         Harm     .     (gloves unavailable)
MR     +....     NoTele   +     (boots unavailable)
Stlth  +++++.....               (no amulet)
                                n - +2 ring of protection
                                m - +3 ring of strength

@: quick
A: no armour, no weapons or thrown items, stealth, claws 1, fangs 3, see
invisible, carnivore 3, speed 1, shaggy fur 2, slow metabolism 1, sharp paws
a: Lesser Healing, Heal Other, Divine Protection, Renounce Religion


You were in the Dungeon.
You worshipped Elyvilon.
Elyvilon was pleased with you.
You were not hungry.

You visited 1 branch You collected 19 gold pieces.

Inventory:

Jewellery
 m - a +3 ring of strength (left paw)
 n - a +2 ring of protection (right paw)
Wands
 l - a wand of lightning (0/15)
Scrolls
 h - a scroll of blinking
 j - 3 scrolls of remove curse
 k - 2 scrolls of amnesia
 p - 3 scrolls of identify
 q - a scroll of fear
 r - a scroll of recharging
Potions
 a - a potion of might
 c - 5 potions of curing
 d - a potion of invisibility
 e - 2 potions of haste
 f - 4 potions of magic
 g - a potion of berserk rage
 i - 6 potions of heal wounds
 o - a potion of cure mutation


   Skills:
 + Level 7.6 Fighting
 + Level 14.5 Dodging
 + Level 10.2 Stealth
 + Level 19.4 Unarmed Combat
 + Level 1.6 Invocations
 + Level 5.1 Evocations


You had 7 spell levels left.
You didn't know any spells.

Dungeon Overview and Level Annotations

Branches:
Dungeon (1/1)

Altars:
Cheibriados
Dithmenos
Elyvilon
Fedhas
Gozag
Hepliaklqana
Kikubaaqudgha
Makhleb
Nemelex Xobeh
Okawaru
Qazlal
Ru
Sif Muna
Trog
Uskayaw
Vehumet
Xom
Yredelemnul
Zin
The Shining One
Beogh
Jiyva
Lugonu

Shops:
D *

Annotations:
D Saint Roka


Innate Abilities, Weirdness & Mutations

You cannot wear armour.
You are incapable of wielding weapons or throwing items.
Your paws allow you to move quietly. (Stealth)
You have sharp claws.
You have razor-sharp teeth.
You have supernaturally acute eyesight. (SInv)
You are carnivorous and can eat meat at any time.
You cover ground quickly.
You are covered in thick fur. (AC +2)
You have a slow metabolism.
Your sharp claws are effective at attacking unaware monsters.


Message History

The orc closely misses you.
Saint Roka mumbles some strange prayers to Beogh against you.
Beogh smites you!
Things that are here:
a glaive; 7 tomahawks; a plate armour You claw the orc!
You kill the orc!
Saint Roka mumbles some strange prayers to Beogh against you.
Beogh smites you!
Saint Roka invokes the aid of Beogh against you.
Beogh smites you!
* * * LOW HITPOINT WARNING * * *
You see here a dagger.
You scratch Saint Roka. You claw Saint Roka!
Saint Roka is lightly wounded.
You barely miss Saint Roka. You bite Saint Roka.
Saint Roka is lightly wounded.
The orc priest calls down the wrath of Beogh upon you.
Beogh smites you!
You die... ▓▓▓▓▓▓▓▓▓▓▓▓▓▓▓▓▓▓▓▓▓▓▓▓ ..............))@oooo... ▓▓▓▓▓▓▓▓▓▓▓▓▓▓▓▓▓▓▓▓▓▓▓▓

You could see Saint Roka, an orc priest and 2 orcs.

Vanquished Creatures
  4 death yaks (D)
  An ugly thing (D)
  2 black mambas (D)
  2 spiny frogs (D)
  A komodo dragon (D)
  A polar bear (D)
  2 hippogriffs (D)
  4 yaks (D)
  A basilisk (D)
  3 water moccasins (D)
  2 porcupines (D)
  A phantom (D)
  A black bear (D)
  An orc warrior (D)
  A centaur (D)
  3 bullfrogs (D)
  A scorpion (D)
  2 hounds (D)
  3 shadow imps (D)
  A dart slug (D)
  3 orcs (D)
  A bat (D)
  2 goblins (D)
  A hobgoblin (D)
  A kobold (D)
  A quokka (D)
  A jackal skeleton (D)
47 creatures vanquished.

Notes
Turn   | Place    | Note
-------+----------+-------------------------------------------
     0 | D        | equalderp2856 the Felid Fighter began the quest for the Orb.
     0 | D        | Reached XP level 1. HP: 10/10 MP: 2/2
    20 | D        | Noticed a scorpion
    30 | D        | Killed a scorpion
    30 | D        | Reached skill level 5 in Dodging
    30 | D        | Reached skill level 7 in Unarmed Combat
    30 | D        | Reached XP level 2. HP: 10/15 MP: 3/3
    30 | D        | Reached XP level 3. HP: 12/18 MP: 4/4
    42 | D        | Reached XP level 4. HP: 15/22 MP: 5/5
   135 | D        | Found a roughly hewn altar of Beogh.
   135 | D        | Found a snail-covered altar of Cheibriados.
   135 | D        | Found a shadowy altar of Dithmenos.
   135 | D        | Found a white marble altar of Elyvilon.
   135 | D        | Found a blossoming altar of Fedhas.
   135 | D        | Found an opulent altar of Gozag.
   136 | D        | Found a hazy altar of Hepliaklqana.
   137 | D        | Found a viscous altar of Jiyva.
   138 | D        | Found an ancient bone altar of Kikubaaqudgha.
   139 | D        | Found a corrupted altar of Lugonu.
   140 | D        | Found a burning altar of Makhleb.
   141 | D        | Found a sparkling altar of Nemelex Xobeh.
   146 | D        | Found an iron altar of Okawaru.
   157 | D        | Found a stormy altar of Qazlal.
   158 | D        | Found a sacrificial altar of Ru.
   159 | D        | Found a deep blue altar of Sif Muna.
   160 | D        | Found a bloodstained altar of Trog.
   161 | D        | Found a hide-covered altar of Uskayaw.
   162 | D        | Found a radiant altar of Vehumet.
   163 | D        | Found a shimmering altar of Xom.
   164 | D        | Found a basalt altar of Yredelemnul.
   165 | D        | Found a glowing silver altar of Zin.
   166 | D        | Found a glowing golden altar of the Shining One.
   300 | D        | Became a worshipper of Elyvilon the Healer
   339 | D        | Noticed a yak
   339 | D        | Noticed a centaur
   359 | D        | Killed a centaur
   359 | D        | Reached skill level 1 in Stealth
   359 | D        | Reached skill level 9 in Unarmed Combat
   359 | D        | Reached XP level 5. HP: 21/25 MP: 6/6
   787 | D        | Killed a yak
   787 | D        | Reached skill level 5 in Fighting
   787 | D        | Reached skill level 11 in Unarmed Combat
   787 | D        | Gained mutation: You are covered in thick fur. (AC +2) [Felid growth]
   787 | D        | Reached XP level 6. HP: 14/30 MP: 7/7
  1002 | D        | Noticed a hippogriff
  1002 | D        | Noticed a basilisk
  1002 | D        | Noticed a brown ugly thing
  1036 | D        | Reached skill level 12 in Unarmed Combat
  1036 | D        | Reached XP level 7. HP: 33/34 MP: 8/8
  1084 | D        | Killed a basilisk
  1084 | D        | Reached skill level 10 in Dodging
  1089 | D        | Killed a brown ugly thing
  1089 | D        | Reached skill level 5 in Stealth
  1089 | D        | Reached skill level 13 in Unarmed Combat
  1089 | D        | Reached skill level 1 in Evocations
  1089 | D        | Reached XP level 8. HP: 16/38 MP: 8/10
  1091 | D        | Killed a hippogriff
  1091 | D        | Reached skill level 14 in Unarmed Combat
  1409 | D        | Reached * piety under Elyvilon
  1435 | D        | Noticed a black mamba
  1435 | D        | Noticed a spiny frog
  1435 | D        | Noticed a hippogriff
  1447 | D        | Killed a hippogriff
  1986 | D        | Killed a spiny frog
  1986 | D        | Reached skill level 15 in Unarmed Combat
  1991 | D        | Killed a black mamba
  1991 | D        | Reached XP level 9. HP: 25/42 MP: 12/12
  2090 | D        | Reached skill level 16 in Unarmed Combat
  2399 | D        | Noticed a komodo dragon
  2399 | D        | Noticed a black mamba
  2399 | D        | Noticed a spiny frog
  2403 | D        | Killed a spiny frog
  2407 | D        | Noticed a polar bear
  2410 | D        | Killed a black mamba
  2410 | D        | Reached skill level 17 in Unarmed Combat
  2416 | D        | Killed a komodo dragon
  2724 | D        | Killed a polar bear
  2724 | D        | Reached XP level 10. HP: 27/47 MP: 14/14
  2859 | D        | Noticed a catoblepas
  2859 | D        | Noticed a death yak
  2859 | D        | Noticed a death yak
  2859 | D        | Noticed a death yak
  2859 | D        | Noticed a death yak
  2859 | D        | Noticed a death yak
  2860 | D        | Noticed a death yak
  2868 | D        | Killed a death yak
  2868 | D        | Reached skill level 18 in Unarmed Combat
  2868 | D        | Reached skill level 5 in Evocations
  3125 | D        | Killed a death yak
  3125 | D        | Reached skill level 1 in Invocations
  3126 | D        | Noticed a catoblepas
  3239 | D        | Killed a death yak
  3239 | D        | Reached skill level 10 in Stealth
  3239 | D        | Reached skill level 19 in Unarmed Combat
  3525 | D        | Killed a death yak
  3835 | D        | Mangled by a catoblepas
  3836 | D        | Reached XP level 9. HP: -6/43 MP: 13/13
  3862 | D        | Found Zoaptofuwe's Assorted Antiques.
  3862 | D        | Noticed an orc knight
  3862 | D        | Noticed an orc knight
  3862 | D        | Noticed an orc high priest
  3862 | D        | Noticed an orc high priest
  3862 | D        | Noticed an orc high priest
  3863 | D        | Noticed an orc knight
  3866 | D        | Noticed an orc high priest
  3867 | D        | Killed from afar by an orc high priest
  3868 | D        | Reached XP level 8. HP: -9/40 MP: 12/12
  3913 | D        | Noticed Saint Roka
  3916 | D        | Reached ** piety under Elyvilon
  3924 | D        | Killed from afar by an orc priest

Skill      XL: |  1  2  3  4  5  6  7  8  9 10 |
---------------+-------------------------------+-----
Fighting       | 4 5 6 7 |  7.6
Dodging        | 5 6 7 9 11 12 13 14 | 14.5
Unarmed Combat | 7 9 11 12 13 15 17 19 | 19.4
Stealth        | 1 3 4 5 7 9 10 | 10.2
Evocations     | 1 3 4 5 |  5.1
Invocations    | 1 |  1.6

Action                   |  1- 3 |  4- 6 |  7- 9 | 10-12 || total
-------------------------+-------+-------+-------+-------++-------
Melee: Unarmed           |    29 |    67 |    88 |    45 ||   229
       Bite              |     4 |     4 |    12 |     9 ||    29
       Punch             |       |     5 |    10 |     5 ||    20
Invok: Lesser Healing    |       |       |     1 |       ||     1
Evoke: Wand              |       |       |     7 |       ||     7
  Use: Potion            |     1 |     1 |     1 |       ||     3
       Scroll            |       |       |       |     1 ||     1
 Stab: Sleeping          |     1 |       |     3 |       ||     4
       Distracted        |       |       |     1 |       ||     1
  Eat: Chunk             |       |     4 |       |       ||     4
       Meat ration       |       |       |       |     1 ||     1
Armor: Skin              |     1 |     5 |     3 |       ||     9
Dodge: Dodged            |    21 |    52 |    48 |    19 ||   140
